 Dungeon Crawl Stone Soup version 0.28.0-49-g6dfe1f597d (webtiles) character file.

Game seed: 9259329431069459056

84 Zeld the Ogre Mage (level 4, -4/44 HPs)
             Began as an Ogre Transmuter on May 19, 2022.
             Slain by a gnoll
             ... wielding a +0 spear
              (5 damage)
             ... on level 3 of the Dungeon.
             The game lasted 00:02:25 (3091 turns).

Zeld the Ogre Mage (Ogre Transmuter)                Turns: 3091, Time: 00:02:26

Health: -4/44      AC:  3    Str: 16    XL:     4   Next: 45%
Magic:  6/9        EV: 10    Int: 14    God:
Gold:   85         SH:  0    Dex:  9    Spells: 0/10 levels left

rFire   + . .      SeeInvis .     - Unarmed
rCold   + . .      Faith    .   (no shield)
rNeg    . . .      Spirit   .   a - +0 robe
rPois   .          Reflect  .   (helmet restricted)
rElec   .          Harm     .   d - scarf {rC+ rF+}
rCorr   .          Rampage  .   (gloves unavailable)
Will    .....                   (boots unavailable)
Stlth   +.........              (no amulet)
HPRegen 0.14/turn               (no ring)
MPRegen 0.11/turn               (no ring)

@: very slightly contaminated
A: large, unfitting armour, tough skin 1
a: no special abilities


You were on level 3 of the Dungeon.
You visited 1 branch of the dungeon, and saw 3 of its levels.

You collected 85 gold pieces.

Inventory:

Armour
 a - a +0 robe (worn)
 d - a scarf of resistance (worn)
Wands
 h - a wand of flame (22)
Scrolls
 b - a scroll of brand weapon {unknown}
 e - a scroll of noise {unknown}
 f - a scroll of vulnerability {unknown}
 g - a scroll of teleportation {unknown}
Potions
 c - a potion of might {unknown}
 i - a potion of flight {unknown}


   Skills:
 + Level 2.3 Fighting
 + Level 2.3 Dodging
 - Level 2.6 Unarmed Combat
 * Level 3.5 Spellcasting
 * Level 2.7 Transmutations
 + Level 0.0 Ice Magic
 + Level 0.0 Poison Magic


You couldn't memorise any spells.
You knew the following spells:

 Your Spells              Type           Power      Damage    Failure   Level
a - Beastly Appendage     Tmut           20%        N/A       7%          1
b - Wereblood             Tmut           10%        N/A       10%         2
c - Spider Form           Tmut/Pois      6%         N/A       34%         3
d - Ice Form              Ice/Tmut       6%         N/A       75%         4

Your spell library contained the following spells:

 Spells                   Type           Power      Damage    Failure   Level
 Magic Dart               Conj           8%         1d3       21%         1
 Searing Ray              Conj           4%         2d4       30%         2
 Fulminant Prism          Conj/Hex       1%         3d6       90%         4


Dungeon Overview and Level Annotations

Branches:
Dungeon (3/15)

Altars:
Vehumet


Innate Abilities, Weirdness & Mutations

You are too large for most types of armour.
You have tough skin. (AC +1)


Message History

Your horns disappear.
Your talons disappear.
HP restored.
h - a wand of flame (22)
You see here a hobgoblin corpse.
You see here a +0 club.
i - a cyan potion
Found 5 large rocks.
You now have 85 gold pieces (gained 8).
You hear the slow rusting of a distant drain.
A gnoll comes into view. It is wielding a +0 spear.
A gnoll comes into view. It is wielding a +0 spear.
The gnoll shouts!
A gnoll comes into view. It is wielding a +0 club.
The gnoll shouts!
A giant cockroach comes into view.
The gnoll hits you from afar with a +0 spear.
Casting: Beastly Appendage (safe; 7% risk of failure)
Confirm with . or Enter, or press ? or * to list all spells.
The spell is quite dangerous to miscast (34% risk of failure)!
Continue anyway?
Okay, then.
Casting: Spider Form (quite dangerous; 34% risk of failure)
Confirm with . or Enter, or press ? or * to list all spells.
The spell is quite dangerous to miscast (34% risk of failure)!
Continue anyway?
You miscast Spider Form.
You are very lightly contaminated with residual magic.
Nothing appears to happen.
The gnoll hits you from afar with a +0 spear.
The gnoll closely misses you. x2
You barely miss the gnoll. The gnoll hits you with a +0 spear. x2
You hit the gnoll but do no damage. The gnoll hits you with a +0 spear!
The gnoll hits you with a +0 spear.
You hit the gnoll but do no damage. The gnoll hits you with a +0 club.
The gnoll hits you with a +0 spear!
* * * LOW HITPOINT WARNING * * *
The gnoll hits you with a +0 spear.
* * * LOW HITPOINT WARNING * * *
The gnoll throws a throwing net.
The throwing net closely misses you. The gnoll misses you.
The gnoll hits you from afar with a +0 spear.
You die...

########## #.#
#........# #.#
#........######.#######.
#..........#............
#..........#.##.........
#..........#............
#....(...###.#..##.####.
#........###g.#.# #
#######...@.g...##.#
###########g......#
##<..#######..####.#
#.....#............#
#..†)...............
#......#...##......#
..............##.......
##.####.#._.#.# ......#
#. #.......# ....#.#


You could see 3 gnolls.

Vanquished Creatures
  3 adders (D:2)
  5 bats
  3 endoplasms
  2 giant cockroaches (D:1)
  8 goblins
  6 hobgoblins
  2 jackals (D:1)
  3 quokkas
  3 ball pythons (D:1)
  5 frilled lizards
  8 kobolds
  6 rats
54 creatures vanquished.

Notes
Turn   | Place    | Note
-------+----------+-------------------------------------------
     0 | D:1      | Zeld the Ogre Transmuter began the quest for the Orb.
     0 | D:1      | Reached XP level 1. HP: 19/19 MP: 3/3
   189 | D:1      | Reached XP level 2. HP: 23/27 MP: 5/5
   340 | D:1      | Learned a level 2 spell: Wereblood
   499 | D:1      | Reached skill level 3 in Spellcasting
   514 | D:1      | Reached XP level 3. HP: 32/35 MP: 5/7
   570 | D:1      | Found a faded altar of an unknown god.
  1567 | D:2      | Reached XP level 4. HP: 12/42 MP: 9/9
  1575 | D:2      | Learned a level 3 spell: Spider Form
  3018 | D:2      | Learned a level 4 spell: Ice Form
  3019 | D:3      | Found a radiant altar of Vehumet.
  3090 | D:3      | HP: 1/44 [gnoll/+0 spear (6)]
  3091 | D:3      | Slain by a gnoll

Illustrated notes

Levels and vault maps discovered:
D:1:      evilmike_arrival_hilbert_curve, layout_basic,
          ebering_ecumenical_altar_petrified
D:2:      layout_basic
D:3:      layout_loops_cross, lemuel_doored_altar, vehumet_altar_wand_db,
          gup_sewer_entry_pipe, hangedman_abyss_or_decor_lesser_grid

Skill      XL: |  1  2 |
---------------+-------+-----
Transmutations | 2 |  2.7
Dodging        | 2 |  2.3
Spellcasting   | 3 |  3.5
Fighting       | 2 |  2.3
Unarmed Combat | |  2.6

Action                   |  1- 3 |  4- 6 || total
-------------------------+-------+-------++-------
Melee: Unarmed           |   120 |    52 ||   172
       Kick              |    14 |     9 ||    23
       Punch             |     3 |       ||     3
       Headbutt          |     7 |     3 ||    10
 Cast: Beastly Appendage |    25 |    11 ||    36
Armor: Robe              |    50 |    14 ||    64
Dodge: Dodged            |    72 |    28 ||   100
